 Dungeon Crawl Stone Soup version 0.30-a0-178-g4db885d750 (webtiles) character file.

Game seed: 211696396471148278

43 Muon the Cudgeller (level 3, 0/33 HPs)
             Began as a Minotaur Berserker on Oct 3, 2022.
             Was a Believer of Trog.
             Succumbed to an adder's poison
             ... on level 2 of the Dungeon.
             The game lasted 00:06:33 (639 turns).

Muon the Cudgeller (Minotaur Berserker)              Turns: 639, Time: 00:06:33

Health: 0/33       AC:  2    Str: 23    XL:     3   Next: 37%
Magic:  2/2        EV: 12    Int:  4    God:    Trog [**....]
Gold:   54         SH:  0    Dex:  9    Spells: 2/2 levels left

rFire   . . .      SeeInvis .    a - +0 mace
rCold   . . .      Faith    .    (no shield)
rNeg    . . .      Spirit   .    b - +0 animal skin
rPois   .          Reflect  .    (helmet restricted)
rElec   .          Harm     .    (no cloak)
rCorr   .          Rampage  .    (no gloves)
Will    .....                    (no boots)
Stlth   +.........               (no amulet)
HPRegen 0.25/turn                (no ring)
MPRegen 0.08/turn                (no ring)

@: lethally poisoned (0 -> -4)
A: horns 2, retaliatory headbutt
a: Renounce Religion, Berserk, Trog's Hand


You were on level 2 of the Dungeon.
You worshipped Trog.
Trog was pleased with you.
You visited 1 branch of the dungeon, and saw 2 of its levels.

You collected 54 gold pieces.

Inventory:

Hand Weapons
 a - a +0 mace (weapon)
 c - a +0 quarterstaff
 e - a +0 sling
 f - a +0 club
 j - a +0 dagger
 l - a +0 club
 p - a +1 vampiric short sword
Armour
 b - a +0 animal skin (worn)
 d - a +0 chain mail
 m - a +0 robe
 o - a +0 robe
Scrolls
 h - a scroll of poison {unknown}
 i - 2 scrolls of teleportation {unknown}
 n - a scroll of enchant armour {unknown}
 q - a scroll of blinking {unknown}
Potions
 g - 2 potions of curing {unknown}
 k - a potion of resistance {unknown}
 r - a potion of ambrosia {unknown}


   Skills:
 + Level 4.2 Fighting
 + Level 4.5 Maces & Flails
 + Level 3.0 Armour
 + Level 2.4 Dodging


You had 2 spell levels left.
You didn't know any spells.
Your spell library was empty.

Dungeon Overview and Level Annotations

Branches:
Dungeon (2/15)

Altars:
Ru


Innate Abilities, Weirdness & Mutations

You have a pair of horns on your head.
You reflexively headbutt those who attack you in melee.


Message History

The adder poisons you!
You barely miss the adder.
You feel very sick. The adder barely misses you.
You closely miss the adder. Your headbutt misses the adder.
You feel sick. The adder bites you.
You are more poisoned.
The adder poisons you! The adder bites you.
You closely miss the adder.
You feel very sick. The adder closely misses you. You furiously retaliate!
You headbutt the adder. You hit the adder but do no damage.
Your headbutt misses the adder.
The adder is heavily wounded.
You feel very sick. The adder bites you.
You are more poisoned.
The adder poisons you! The adder bites you.
You are more poisoned.
The adder poisons you! The adder attacks as you move away! The adder bites you.
You feel very sick. The adder attacks as you move away! The adder bites you.
* * * LOW HITPOINT WARNING * * *
x2 You feel sick.
The adder bites you but does no damage.
You sock the adder!
You kill the adder!
Trog accepts your kill.
* * * LOW HITPOINT WARNING * * *
You feel very sick.
Your Armour skill increases to level 3!
You hit the kobold.
You kill the kobold!
Trog accepts your kill.
* * * LOW HITPOINT WARNING * * *
You feel sick.
You hit the hobgoblin.
You kill the hobgoblin!
Trog accepts your kill.
You can now call upon Trog for regeneration and willpower.
You die...

# .. # #. ... .# ...
#.# #.. #.## ...
#.###.# ....# .._
#...# #..... ...
##...## #...... ...
##.....####....... #.#
##......@).'.......
...
##.<.....####....... #
#.........# #......
#.# ##.......## #.....
#.. #.........# #...#
#.# #.##...##.#
#+######.. #.###.###.#
#.##...### #.#
#.###.#######.#.....##
#.#
#.......†...#.#.......


There were no monsters in sight!

Vanquished Creatures
  2 adders (D:2)
  A dart slug (D:1)
  A giant cockroach (D:1)
  A goblin (D:1)
  6 hobgoblins
  A quokka (D:1)
  3 ball pythons
  4 bats (D:1)
  2 frilled lizards (D:1)
  2 kobolds
  2 rats (D:1)
25 creatures vanquished.

Vanquished Creatures (others)
  A fungus (D:2)
1 creature vanquished.

Grand Total: 26 creatures vanquished

Notes
Turn   | Place    | Note
-------+----------+-------------------------------------------
     0 | D:1      | Muon the Minotaur Berserker began the quest for the Orb.
     0 | D:1      | Reached XP level 1. HP: 19/19 MP: 0/0
   169 | D:1      | Reached XP level 2. HP: 27/27 MP: 1/1
   557 | D:2      | Found a sacrificial altar of Ru.
   589 | D:2      | Reached XP level 3. HP: 33/33 MP: 2/2
   638 | D:2      | HP: 1/33 [poisoned by an adder]
   639 | D:2      | Reached ** piety under Trog
   639 | D:2      | Succumbed to an adder's poison

Illustrated notes

Levels and vault maps discovered:
D:1:      dpeg_arrival_ratfight, layout_rooms, hangedman_decor_lopped,
          interstate_on_off
D:2:      layout_loops_corners, shapermc_ecumenical_altar_acropolis,
          basic_altar, nicolae_concentric_dashed_squares_mild

Skill      XL: |  1  2  3 |
---------------+----------+-----
Maces & Flails | 4 |  4.5
Fighting       | 4 |  4.2
Armour         | 3 |  3.0
Dodging        | |  2.4

Action                   || total
-------------------------++-------
Melee: Mace              ||    46
       Headbutt          ||     4
Invok: Berserk           ||     1
  Use: Scroll            ||     1
Armor: Animal skin       ||    14
Dodge: Dodged            ||    42

Table legend: (Time is in decaauts)
 A = Elapsed time spent in this place.
 B = Non-inter-level travel time spent in this place.
 C = Inter-level travel time spent in this place.
 D = Time resting spent in this place.
 E = Time spent auto-exploring this place.
 F = Levels seen in this place.
 G = Mean time per level.
                   A        B        C        D        E       F      G
               +--------+--------+--------+--------+--------+-----+--------+
         Total |    655 |    163 |    492 |      0 |      0 |   2 |  327.5 |
       Dungeon |    655 |    163 |    492 |      0 |      0 |   2 |  327.5 |
               +--------+--------+--------+--------+--------+-----+--------+

Top non-repeatable levels by time:
     D:1: 571 daAuts
     D:2: 84 daAuts
